 Dungeon Crawl Stone Soup version 0.19-a0-1568-gdd01aac (webtiles) character file.

639993 Legolas the Demonic Arbalest (level 27, -9/273 HPs)
             Began as a Demonspawn Hunter on Sept 16, 2016.
             Was the Champion of Okawaru.
             Mangled by an infernal warmonger
             ... wielding a +0 double sword
              (21 damage)
             ... on level 9 of a ziggurat.
             The game lasted 02:54:25 (65344 turns).

Legolas the Demonic Arbalest (Demonspawn Hunter)   Turns: 65344, Time: 02:54:25

Health: -9/273     AC: 30    Str: 30    XL:     27
Magic:  31/34      EV: 36    Int: 14    God:    Okawaru [******]
Gold:   544        SH:  0    Dex: 32    Spells: 4 memorised, 7 levels left

rFire  + + +     SeeInvis +     e - +12 arbalest of Kelitowu {freeze, Dex+6}
rCold  + + +     Gourm    .     Q - +3 ice dragon armour
rNeg   + + +     Faith    .     (shield currently unavailable)
rPois  +         Spirit   .     J - +0 helmet of the Slug {rF+ rC+}
rElec  .         Dismiss  +     a - +1 cloak of Space {rCorr}
rCorr  +         Reflect  .     U - +0 pair of gloves of Aghailin {rC++ Int-3 Dex+9}
MR     +++++     Harm     .     (boots unavailable)
Stlth  ++........               r - amulet of Xom's Malicious Joy {Dismiss rF+ rN+ Dex+4 SInv}
                                j - ring of the Establishment {+Inv rPois rN+ Str+3 Int+4}
                                K - ring "Qugux" {+Fly rN++ MR+++ AC+2 Dex-4}

@: mighty, heroism, finesse, sap magic, studying Fire Magic, repel missiles
A: hooves 3, repulsion field 3, blurry vision 1, dopey 1, fire resistance 2,
ignite blood, mutation resistance 1, powered by death 3, robust 1, strong 1,
augmentation 3, flame cloud immunity
a: Heroism, Finesse, Renounce Religion, Evoke Invisibility, Evoke Flight
}: 3/15 runes: serpentine, barnacled, silver


You were on level 9 of a ziggurat.
You worshipped Okawaru.
Okawaru was exalted by your worship.
You were very full.

You visited 10 branches of the dungeon, and saw 48 of its levels.
You visited 1 ziggurat, and saw 9 of its levels.
You also visited: Labyrinth and Desolation.

You collected 7827 gold pieces.
You spent 7283 gold pieces at shops.

Inventory:

Hand Weapons
 e - the +12 arbalest of Kelitowu (weapon) {freeze, Dex+6}
   (Okawaru gifted it to you on level 1 of the Depths)

   It causes projectiles fired from it to freeze those they strike, causing
   extra injury to most foes and up to half again as much damage against
   particularly susceptible opponents.
   They can also slow down cold-blooded creatures.
   It affects your dexterity (+6).
 l - the +10 morningstar "Eos" {elec, Halo rElec}
   (You found it on level 7 of a ziggurat)

   Occasionally, upon striking a foe, it will discharge some electrical energy
   and cause terrible harm.
   It insulates you from electricity.
 B - a +7 triple crossbow of velocity
Missiles
 d - 1924 bolts (quivered)
Armour
 a - the +1 cloak of Space (worn) {rCorr}
   (Okawaru gifted it to you on level 13 of the Dungeon)

   It protects you from acid and corrosion.
 w - a +0 gold dragon armour
 z - the +0 pair of gloves "Zyzufua" {+Fly rF++ Slay+3 Stlth-}
   (You acquired it on level 6 of the Lair of Beasts)

   It affects your accuracy and damage with ranged weapons and melee attacks
   (+3).
   It greatly protects you from fire.
   It lets you fly.
   It makes you less stealthy.
 J - the +0 helmet of the Slug (worn) {rF+ rC+}
   (You found it on level 5 of the Lair of Beasts)

   It protects you from fire.
   It protects you from cold.
 Q - a +3 ice dragon armour (worn)
 U - the +0 pair of gloves of Aghailin (worn) {rC++ Int-3 Dex+9}
   (You found it on level 8 of a ziggurat)

   It affects your intelligence (-3).
   It affects your dexterity (+9).
   It greatly protects you from cold.
Jewellery
 j - the ring of the Establishment (right hand) {+Inv rPois rN+ Str+3 Int+4}
   (You found it on level 3 of the Crypt)

   [ring of positive energy]

   It affects your strength (+3).
   It affects your intelligence (+4).
   It protects you from poison.
   It protects you from negative energy.
   It lets you turn invisible.
 r - the amulet of Xom's Malicious Joy (around neck) {Dismiss rF+ rN+ Dex+4 SInv}
   (You bought it in a shop on level 3 of the Depths)

   [amulet of dismissal]

   It may teleport away creatures that harm you.
   It affects your dexterity (+4).
   It protects you from fire.
   It protects you from negative energy.
   It lets you see invisible.
 t - the ring "Rorchivuw" {*Corrode MR++ Dex+4 Slay+4}
   (You took it off a deep elf demonologist on level 3 of the Elven Halls)

   [ring of dexterity]

   It affects your dexterity (+4).
   It affects your accuracy and damage with ranged weapons and melee attacks
   (+4).
   It affects your resistance to hostile enchantments.
   It may corrode you when you take damage.
 D - a +5 amulet of reflection
 K - the ring "Qugux" (left hand) {+Fly rN++ MR+++ AC+2 Dex-4}
   (You bought it in a shop on level 1 of the Depths)

   [ring of protection]

   It affects your AC (+2).
   It affects your dexterity (-4).
   It greatly protects you from negative energy.
   It affects your resistance to hostile enchantments.
   It lets you fly.
Wands
 A - a wand of teleportation (5/9)
 H - a wand of lightning (6/15)
 I - a wand of disintegration (2/24)
 O - a wand of hasting (5/9)
Scrolls
 i - 17 scrolls of identify
 m - 16 scrolls of teleportation
 o - 7 scrolls of recharging
 q - 26 scrolls of remove curse
 s - 7 scrolls of immolation
 v - 3 scrolls of fog
 y - 6 scrolls of blinking
 E - 9 scrolls of amnesia
 M - a scroll of silence
 T - 8 scrolls of fear
 X - a scroll of summoning
 Z - a scroll of magic mapping
Potions
 b - a potion of haste
 g - 9 potions of brilliance
 k - 7 potions of curing
 n - 9 potions of mutation
 u - 4 potions of magic
 x - 12 potions of flight
 F - a potion of resistance
 N - 3 potions of berserk rage
 P - a potion of cure mutation
 R - 4 potions of cancellation
 W - 3 potions of beneficial mutation
Books
 h - a manual of Fire Magic
Miscellaneous
 f - a fan of gales
 C - a box of beasts
 G - 2 phantom mirrors
 V - 3 sacks of spiders
 Y - a disc of storms
Comestibles
 c - 9 royal jellies
 p - 19 fruits
 S - 16 meat rations


   Skills:
 O Level 27 Fighting
 O Level 27 Crossbows
 + Level 17.2(22.2) Armour
 + Level 13.9(18.9) Dodging
 - Level 0.8(5.8) Stealth
 * Level 5.7 Fire Magic
 - Level 15.9 Invocations
 - Level 1.2 Evocations


You had 7 spell levels left.
You knew the following spells:

 Your Spells              Type           Power        Failure   Level  Hunger
a - Necromutation         Tmut/Necr      #.........   100%        8    #######
b - Inner Flame           Hex/Fire       #.......     52%         3    ####...
c - Blink                 Tloc           N/A          73%         2    ###....
d - Deflect Missiles      Chrm/Air       #.........   100%        6    #######


Dungeon Overview and Level Annotations

Branches:
Dungeon (15/15)            Temple (1/1) D:6            Lair (6/6) D:11
 Shoals (4/4) Lair:4        Snake (4/4) Lair:3        Slime (0/5) Lair:5
    Orc (2/2) D:10            Elf (3/3) Orc:2        Vaults (5/5) D:14
  Crypt (3/3) Vaults:3       Tomb (0/3) Crypt:3      Depths (5/5) D:15
    Zot (0/5) Depths:5

Altars:
Ashenzari
Cheibriados
Dithmenos
Elyvilon
Fedhas
Gozag
Hepliaklqana
Kikubaaqudgha
Makhleb
Nemelex Xobeh
Okawaru
Qazlal
Ru
Sif Muna
Trog
Uskayaw
Vehumet
Xom
Yredelemnul
Zin
The Shining One
Beogh
Jiyva

Shops:
D:6 !   D:8 *   D:11 !   Orc:2 [(:[*   Elf:2 !   Elf:3 [   Vaults:1 ?
Vaults:4 [   Vaults:5 ?}??   Depths:1 [:=*   Depths:3 ==}

Portals:
Hell: Depths:1 Depths:2 Depths:3 Depths:4 Depths:5
Abyss: Depths:1 Depths:4 Depths:5
Pandemonium: Depths:1 Depths:3
Trove: D:10 (give +3 gold dragon armour)

Annotations:
Shoals:1 exclusion: 2 oklob plants


Innate Abilities, Weirdness & Mutations

You have hooves in place of feet.
You are surrounded by a strong repulsion field. (EV +4, RMsl)
Your flesh is very heat resistant. (rF++)
Your demonic aura causes spilled blood to erupt in flames.
You regenerate a lot of health from kills.
Your magical and physical power is greatly enhanced at high health.
You are immune to clouds of flame.
Scrolls take you a little longer to read.
You are dopey. (Int -2)
You are somewhat resistant to further mutation.
You are robust. (+10% HP)
Your muscles are strong. (Str +2)


Message History

You kill the butterfly!
The infernal warmonger completely misses you.
Osupp hits you.
* * * LOW HITPOINT WARNING * * *
The cacodemon barely misses you. The cacodemon closely misses you.
The cacodemon barely misses you. x2
You begin reading the scroll.
You continue reading the scroll.
The butterfly disappears in a puff of smoke!
The starcursed mass disappears in a puff of smoke! x4
Send 'em back where they came from!
Your lorocyproca dissolves into shadows!
The Tzitzimitl calls on the powers of darkness!
Your body is wracked with pain!
* * * LOW HITPOINT WARNING * * *
The reaper hits you from afar with a scythe of protection.
* * * LOW HITPOINT WARNING * * *
Osupp completely misses you. The cacodemon completely misses you.
The cacodemon hits you but does no damage.
The infernal warmonger hits you with a double sword!!
You die...

▓▓▓▓▓▓▓▓▓▓▓
▓..1§@&4..▓
▓...262...▓
▓▓▓▓▓▓....261..▓
▓.....#....(b§#...
▓..........23§b...
▓...........b.§§..
▓.........§§§b...b
▓∩...........b.§.[
▓.................


You could see Osupp, a Tzitzimitl, an Ice Fiend, 2 cacodemons, an infernal
warmonger, a reaper, a torturous corrupter, a shadow demon, an ice devil and a
smoke demon.

Vanquished Creatures
  Bai Suzhen (Vaults:2)
  Frederick (Depths:4)
  Saint Roka (Vaults:5)
  The ghost of zkyp the Human Blade, a veteran HuGl of Gozag (Crypt:3)
  Vashnia (Snake:4)
  4 caustic shrikes (Depths:3)
  Jory (Depths:4)
  3 Killer Klowns
  6 golden dragons
  2 bone dragons
  4 profane servitors
  Jorgrun (Vaults:2)
  10 tentacled monstrosities
  4 liches
  7 titans
  2 deep elf master archers (Elf:3)
  2 quicksilver dragons (Vaults:5)
  2 deep elf blademasters (Elf:3)
  An Executioner (Zig:9)
  5 ancient champions
  Frances (D:13)
  The ghost of Amnesiac the Spry, an adept DgEn (Elf:3)
  6 tengu reavers
  A sphinx (shapeshifter) (Zig:6)
  3 storm dragons
  A sphinx (Depths:4)
  Kirke (Shoals:1)
  The ghost of GameOver the Blocker, an adept NaWz of Okawaru (Desolation)
  4 draconian monks (Zig:5)
  6 shadow dragons
  Ilsuiw (Shoals:4)
  Roxanne (Elf:1)
  9 greater nagas
  3 revenants
  10 fire giants
  11 frost giants
  3 ghost moths
  4 imperial myrmidons (Desolation)
  Louise (D:14)
  17 vault wardens
  5 iron dragons
  8 deep elf sorcerers
  A curse skull (Crypt:1)
  3 deep elf elementalists (Elf:3)
  15 ironheart preservers
  An orc warlord (Orc:2)
  29 very ugly things
  13 ghouls
  A reaper (Depths:5)
  3 spriggan defenders (Depths:3)
  Aizul (Snake:4)
  A war gargoyle (Vaults:5)
  4 entropy weavers
  An entropy weaver (shapeshifter) (Depths:2)
  2 draconian callers (Depths:5)
  Nessos (D:13)
  23 stone giants
  14 deep elf demonologists
  10 vampire knights
  A green draconian (Depths:5)
  A lorocyproca (Depths:3)
  2 black draconians
  2 white draconians (Depths:5)
  3 halazid warlocks (Desolation)
  2 red draconians (Depths:5)
  9 deep elf annihilators
  A dire elephant (shapeshifter) (Zig:6)
  A large abomination (Elf:3)
  13 spark wasps
  A yellow draconian (Depths:5)
  Snorg (D:14)
  12 eidola
  7 merfolk javelineers
  8 ragged hierophants (Desolation)
  A mummy priest (Crypt:3)
  11 fire dragons
  A green death (Depths:1)
  15 jiangshi
  16 merfolk impalers
  19 ettins
  A minotaur (Lab)
  11 deep elf death magi
  3 deep elf high priests
  7 great orbs of eyes
  17 yaktaur captains
  5 hydras
  15 naga warriors
  38 vault guards
  6 peacekeepers (Desolation)
  5 rakshasas
  19 ice dragons
  A catoblepas (D:15)
  A hell beast (Depths:4)
  6 servants of whispers (Desolation)
  2 spriggan air magi (Depths:4)
  14 anacondas
  6 merfolk avatars
  8 death knights
  11 merfolk aquamancers
  14 centaur warriors
  An alligator snapping turtle (Shoals:4)
  26 dancing weapons
  11 deep troll earth magi
  4 satyrs
  13 deep troll shamans
  13 death yaks
  8 tengu warriors
  16 ogre magi
  2 titan zombies
  31 hell knights
  Urug (Lair:5)
  The ghost of nabalzbhf the Slicer, a novice HaMo of Gozag (D:10)
  2 small abominations (Elf:3)
  11 vampire magi
  13 naga sharpshooters
  6 orc high priests
  8 spriggan berserkers
  Sonja (D:14)
  14 shock serpents
  A sun demon (Depths:2)
  30 deep elf knights
  2 titan skeletons (Crypt:2)
  4 soul eaters
  2 storm dragon zombies
  13 iron trolls
  6 shadow wraiths
  3 salamander mystics
  A fire crab (Lair:6)
  2 giant orange brains
  12 sea snakes
  33 skeletal warriors
  10 flayed ghosts
  A golden dragon zombie (Crypt:1)
  3 unseen horrors
  4 wizards
  A ghost moth zombie (Crypt:1)
  46 deep trolls
  A deep troll (shapeshifter) (Depths:5)
  22 deep elf archers
  Pikel (D:7)
  31 phantasmal warriors
  4 wolf spider zombies
  An orange crystal statue (Zig:7)
  2 shadow dragon zombies (Crypt:3)
  10 naga ritualists
  An anaconda skeleton (Crypt:1)
  10 hill giants
  A lindwurm (shapeshifter) (Depths:3)
  A lindwurm (Lair:6)
  12 orc knights
  17 ironbrand convokers
  11 necromancers
  A stone giant zombie (Crypt:1)
  6 cyclopes
  3 orb spiders (Zig:7)
  9 mana vipers
  2 hornets
  34 ugly things
  30 harpies
  A frost giant zombie (Crypt:3)
  6 wolf spiders
  The ghost of Bronet the Covert, a novice SpAr of Dithmenos (D:9)
  6 salamanders
  9 griffons
  A shining eye (shapeshifter) (Depths:4)
  A shadow dragon skeleton (Crypt:1)
  14 manticores
  5 orc sorcerers
  11 fauns
  69 deep elf magi
  An iron dragon skeleton (Crypt:1)
  A manticore (shapeshifter) (Vaults:3)
  6 sirens
  33 black mambas
  A guardian serpent (shapeshifter) (Vaults:1)
  6 guardian serpents
  14 vault sentinels
  4 elephants
  2 dire elephant zombies (Crypt:3)
  5 water nymphs
  A water nymph (shapeshifter) (Vaults:3)
  2 frost giant skeletons (Depths:1)
  14 naga magi
  Joseph (Lair:1)
  7 torpor snails
  A rust devil (Depths:1)
  12 spiny frogs
  A gargoyle (D:12)
  5 centaur skeletons
  7 rime drakes
  A demonic crawler (Zig:7)
  A white draconian zombie (Crypt:3)
  A spiny frog (shapeshifter) (Depths:5)
  A human zombie (Vaults:1)
  5 komodo dragons
  An efreet (D:14)
  73 yaktaurs
  2 guardian mummies (Crypt:3)
  6 tengu conjurers
  14 freezing wraiths
  A hydra zombie (Crypt:1)
  A catoblepas skeleton (Crypt:1)
  3 tyrant leeches (Lair:6)
  A jumping spider (shapeshifter) (D:14)
  2 meliai (shapeshifter)
  2 ice devils
  A merfolk (shapeshifter) (Depths:4)
  41 merfolk
  10 trolls
  3 queen bees (shapeshifter)
  14 blink frogs
  8 slime creatures
  A minotaur skeleton (Lab)
  4 wind drakes
  41 saltlings (Desolation)
  24 two-headed ogres
  4 bog bodies (Crypt:1)
  A blink frog (shapeshifter) (D:15)
  2 hydra skeletons
  5 boulder beetles
  7 dream sheep
  An ettin zombie (Crypt:3)
  A slime creature (shapeshifter) (Vaults:5)
  A fire dragon zombie (Crypt:3)
  A harpy skeleton (D:15)
  13 snapping turtles
  A fire giant simulacrum (Depths:1)
  A raiju (shapeshifter) (D:15)
  3 ice dragon zombies
  A black mamba zombie (Crypt:3)
  4 air elementals
  6 flying skulls
  37 water elementals
  An ushabti (Crypt:3)
  A vampire (D:12)
  2 hogs (Shoals:1)
  3 wyverns
  13 shadows
  2 humans (Shoals:1)
  39 yaks
  9 spriggans
  13 wraiths
  4 basilisks (D:15)
  12 hippogriffs
  5 hungry ghosts
  4 chaos spawn
  19 vampire mosquitoes
  An elf skeleton (Vaults:1)
  A yaktaur simulacrum (Vaults:1)
  A steam dragon (Lair:4)
  A swamp worm (shapeshifter) (Zig:6)
  A warg (Vaults:1)
  5 mottled dragons
  A warg (shapeshifter) (Vaults:5)
  58 nagas
  A water moccasin (shapeshifter) (Vaults:5)
  A hell hound (shapeshifter) (Vaults:5)
  14 water moccasins
  3 floating eyes
  3 hell hounds
  9 porcupines
  2 ogre skeletons (Vaults:1)
  3 swamp drakes
  A swamp drake (shapeshifter) (Depths:4)
  2 ice beasts
  3 sky beasts
  14 necrophages
  63 orc warriors
  A snapping turtle zombie (Crypt:1)
  A swamp dragon zombie (Crypt:3)
  A ghost crab zombie (Crypt:1)
  A manticore zombie (Crypt:2)
  2 slaves (D:7)
  10 wasps
  A lindwurm zombie (Crypt:2)
  2 black bears
  2 phantoms
  8 wolves
  52 ogres
  10 boggarts
  A dream sheep skeleton (Crypt:2)
  41 centaurs
  A big kobold (D:10)
  20 crocodiles
  A manticore skeleton (Crypt:1)
  14 bullfrogs
  A yaktaur skeleton (Depths:1)
  5 earth elementals
  2 gnoll sergeants
  A water moccasin zombie (D:7)
  6 wyvern skeletons
  4 scorpions
  A spriggan zombie (Crypt:1)
  A shapeshifter zombie (Crypt:1)
  A human simulacrum (Vaults:1)
  10 killer bees
  17 wights
  2 electric eels (D:8)
  13 crimson imps
  3 centaur zombies
  A bullfrog zombie (D:6)
  A wolf skeleton (Crypt:1)
  A bullfrog skeleton (D:11)
  9 hounds
  A wasp zombie (D:9)
  10 jellies
  29 orc priests
  A human skeleton (Crypt:1)
  2 iguanas
  39 orc wizards
  A shapeshifter simulacrum (Depths:1)
  16 worker ants
  2 killer bee zombies (D:10)
  A hound zombie (D:6)
  A hound skeleton (D:5)
  Robin (D:4)
  2 howler monkey zombies
  A worker ant zombie (D:6)
  6 gnolls
  A scorpion zombie (Crypt:2)
  14 adders
  56 river rats
  4 shadow imps
  6 oozes
  An iguana zombie (Crypt:2)
  An adder skeleton (D:7)
  3 worms
  5 dart slugs
  The ghost of Amnesiac the Digger, a weakling DEEE (D:4)
  6 leopard geckos
  137 orcs
  14 bats
  4 giant cockroaches
  12 goblins
  4 hobgoblins
  6 jackals
  17 kobolds
  6 quokkas
  2 ball pythons
  3 frilled lizards
  A hobgoblin skeleton (Crypt:1)
  A jackal skeleton (D:4)
  A kobold skeleton (Crypt:2)
  A leopard gecko skeleton (D:4)
  A quokka skeleton (D:6)
  5 rats
  A rat zombie (Crypt:2)
  10 crawling corpses (Elf:3)
  5 plants
  A withered plant (Crypt:3)
2768 creatures vanquished.

Vanquished Creatures (collateral kills)
  An eidolon (Crypt:3)
  A freezing wraith (Crypt:3)
  A wraith (Crypt:3)
3 creatures vanquished.

Vanquished Creatures (others)
  A merfolk javelineer (Shoals:4)
  An ettin (Depths:4)
  2 centaur warriors (Vaults:3)
  A hell knight (Depths:4)
  2 necromancers (Depths:4)
  A merfolk (Shoals:2)
  A two-headed ogre (Vaults:5)
  2 humans (Shoals:1)
  A naga (Snake:4)
  A slave (D:7)
  3 centaurs
  A hound skeleton (D:7)
  An orc (Vaults:5)
  A giant cockroach (D:7)
  17 fungi
  33 plants
  9 withered plants
78 creatures vanquished.

Grand Total: 2849 creatures vanquished

Notes
Turn   | Place    | Note
-------+----------+-------------------------------------------
     0 | D:1      | Legolas the Demonspawn Hunter began the quest for the Orb.
     0 | D:1      | Reached XP level 1. HP: 16/16 MP: 1/1
   124 | D:1      | Gained mutation: You regenerate a little health from kills. [demonic ancestry]
   124 | D:1      | Reached XP level 2. HP: 22/22 MP: 2/2
   633 | D:1      | Gained mutation: You are surrounded by a mild repulsion field. (EV +2) [demonic ancestry]
   633 | D:1      | Reached XP level 3. HP: 10/27 MP: 3/3
  1131 | D:2      | Reached XP level 4. HP: 33/33 MP: 4/4
  1186 | D:2      | Reached skill level 5 in Crossbows
  2563 | D:4      | Gained mutation: Your flesh is heat resistant. (rF+) [demonic ancestry]
  2563 | D:4      | Reached XP level 5. HP: 25/38 MP: 5/5
  2766 | D:4      | Reached skill level 1 in Armour
  2825 | D:4      | Gained mutation: You have large cloven feet. [demonic ancestry]
  2825 | D:4      | Reached XP level 6. HP: 36/46 MP: 6/6
  2980 | D:4      | Noticed Robin
  2990 | D:4      | Killed Robin
  3145 | D:4      | Noticed Amnesiac's ghost (weakling DEEE)
  3146 | D:4      | Killed Amnesiac's ghost
  3662 | D:4      | Gained mutation: You have hoof-like feet. [demonic ancestry]
  3662 | D:4      | Reached XP level 7. HP: 37/52 MP: 7/7
  3731 | D:5      | Entered Level 5 of the Dungeon
  4545 | D:6      | Found Daikorch's Distillery.
  4567 | D:6      | Bought a potion of flight for 45 gold pieces
  4567 | D:6      | Bought 2 potions of heal wounds for 150 gold pieces
  4612 | D:6      | Gained mutation: You have hooves in place of feet. [demonic ancestry]
  4612 | D:6      | Reached XP level 8. HP: 60/60 MP: 8/8
  4763 | D:6      | Noticed a green death
  4764 | D:6      | Found a burning altar of Makhleb.
  4767 | D:6      | Found a glowing silver altar of Zin.
  4767 | D:6      | Noticed an angel
  5164 | D:6      | Found a staircase to the Ecumenical Temple.
  5174 | Temple   | Entered the Ecumenical Temple
  5271 | Temple   | Became a worshipper of Warmaster Okawaru
  5389 | D:6      | Got a translucent scale mail
  5400 | D:6      | Identified the +1 scale mail "Cyshriew" {rF+ rCorr SInv} (You found it on level 6 of the Dungeon)
  5541 | D:7      | Reached * piety under Okawaru
  5829 | D:7      | Noticed Pikel
  5841 | D:7      | Killed Pikel
  5841 | D:7      | Reached skill level 10 in Crossbows
  5841 | D:7      | Gained mutation: You regenerate health from kills. [demonic ancestry]
  5841 | D:7      | Reached XP level 9. HP: 40/66 MP: 9/9
  5857 | D:7      | Got an ancient broad axe
  5858 | D:7      | Identified the cursed +1 broad axe of Oozing Pus {pain, rN+} (You found it on level 7 of the Dungeon)
  6331 | D:7      | Reached ** piety under Okawaru
  6331 | D:7      | Reached skill level 5 in Fighting
  7006 | D:8      | Noticed a cyan ugly thing
  7018 | D:8      | Killed a cyan ugly thing
  7018 | D:8      | Reached *** piety under Okawaru
  7264 | D:8      | Gained mutation: You are surrounded by a moderate repulsion field. (EV +3) [demonic ancestry]
  7264 | D:8      | Reached XP level 10. HP: 52/76 MP: 10/10
  7677 | D:8      | Found Gosheon's Serpentskin Sales.
  7920 | D:9      | Received a gift from Okawaru
  7920 | D:9      | Reached skill level 5 in Armour
  7929 | D:9      | Found a white marble altar of Elyvilon.
  8012 | D:9      | Found a shattered altar of Ashenzari.
  8077 | D:9      | Gained mutation: Your flesh is very heat resistant. (rF++) [mutagenic meat]
  8105 | D:9      | Noticed Bronet's ghost (novice SpAr)
  8112 | D:9      | Killed Bronet's ghost
  8112 | D:9      | Reached **** piety under Okawaru
  8490 | D:10     | Entered Level 10 of the Dungeon
  8518 | D:10     | Reached skill level 1 in Evocations
  8556 | D:10     | Noticed nabalzbhf's ghost (novice HaMo)
  8574 | D:10     | Killed nabalzbhf's ghost
  8574 | D:10     | Reached ***** piety under Okawaru
  8665 | D:10     | Received a gift from Okawaru
  8926 | D:10     | Gained mutation: You are immune to clouds of flame. [demonic ancestry]
  8926 | D:10     | Reached XP level 11. HP: 84/84 MP: 11/11
  8997 | D:10     | Found a stormy altar of Qazlal.
  9171 | D:10     | Found a portal to a secret trove of treasure.
  9368 | D:10     | Noticed a hill giant
  9374 | D:10     | Killed a hill giant
  9374 | D:10     | Received a gift from Okawaru
  9404 | D:10     | Found a staircase to the Orcish Mines.
  9642 | D:11     | Found a sparkling altar of Nemelex Xobeh.
  9673 | D:11     | Found Emuges's Distillery.
  9676 | D:11     | Bought a potion of curing for 39 gold pieces
  9676 | D:11     | Bought a potion of curing for 39 gold pieces
  9685 | D:11     | Found a labyrinth entrance.
  9692 | Lab      | Entered a labyrinth
 10346 | Lab      | Noticed a minotaur
 10355 | Lab      | Killed a minotaur
 10368 | Lab      | Got a crystal whip
 10494 | Lab      | Identified the +5 whip of Fear {flame, rElec Str+3 Int+4} (You found it in a labyrinth)
 10600 | D:11     | Found a staircase to the Lair.
 10614 | D:11     | Received a gift from Okawaru
 10798 | D:11     | Received a gift from Okawaru
 11194 | Orc:1    | Entered Level 1 of the Orcish Mines
 11403 | Orc:1    | Noticed a stone giant
 11603 | D:11     | Received a gift from Okawaru
 11641 | Lair:1   | Entered Level 1 of the Lair of Beasts
 12650 | Lair:1   | Noticed Joseph
 12681 | Lair:1   | Killed Joseph
 12864 | Lair:1   | Received a gift from Okawaru
 12864 | Lair:1   | Gained mutation: Your magical and physical power is slightly enhanced at high health. [demonic ancestry]
 12864 | Lair:1   | Reached XP level 12. HP: 76/95 MP: 12/12
 13099 | Lair:1   | Noticed a seven-headed hydra
 13594 | Lair:2   | Found a deep blue altar of Sif Muna.
 13866 | Lair:2   | Noticed a death yak
 13889 | Lair:2   | Noticed a death yak
 13890 | Lair:2   | Killed a death yak
 13894 | Lair:2   | Killed a death yak
 13894 | Lair:2   | Reached ****** piety under Okawaru
 14095 | Lair:2   | Noticed a seven-headed hydra
 14098 | Lair:2   | Killed a seven-headed hydra
 14098 | Lair:2   | Received a gift from Okawaru
 14370 | Lair:2   | Received a gift from Okawaru
 14373 | Lair:2   | Got a steaming robe {god gift}
 14394 | Lair:2   | Identified the +2 robe of Devotion {+Inv Str+3} (Okawaru gifted it to you on level 2 of the Lair of Beasts)
 14665 | Lair:2   | Reached skill level 10 in Fighting
 14729 | Lair:1   | Killed a seven-headed hydra
 14729 | Lair:1   | Reached skill level 15 in Crossbows
 15610 | Lair:3   | Noticed an ice dragon
 15615 | Lair:3   | Killed an ice dragon
 15766 | Lair:3   | Found a staircase to the Snake Pit.
 16217 | Lair:4   | Reached XP level 13. HP: 97/103 MP: 13/13
 16725 | Lair:4   | Found a staircase to the Shoals.
 17158 | Lair:5   | Received a gift from Okawaru
 17365 | Lair:5   | Noticed Urug
 17369 | Lair:5   | Killed Urug
 17374 | Lair:5   | Got an ancient helmet
 17385 | Lair:5   | Identified the cursed +0 helmet of the Slug {rF+ rC+} (You found it on level 5 of the Lair of Beasts)
 17708 | Lair:5   | Found a staircase to the Slime Pits.
 17708 | Lair:5   | Found a viscous altar of Jiyva.
 17737 | Lair:5   | Received a gift from Okawaru
 18159 | Lair:6   | Entered Level 6 of the Lair of Beasts
 18449 | Lair:6   | Identified a scroll of acquirement
 18452 | Lair:6   | Got a pair of encrusted gloves
 18463 | Lair:6   | Identified the +0 pair of gloves "Zyzufua" {+Fly rF++ Slay+3 Stlth-} (You acquired it on level 6 of the Lair of Beasts)
 18768 | Lair:5   | Received a gift from Okawaru
 18953 | Lair:6   | Noticed a fire dragon
 18971 | Lair:6   | Killed a fire dragon
 19314 | Lair:6   | Gained mutation: Your demonic aura causes spilled blood to erupt in flames. [demonic ancestry]
 19314 | Lair:6   | Reached XP level 14. HP: 113/113 MP: 14/14
 19463 | Lair:6   | Received a gift from Okawaru
 19741 | Lair:6   | Found a runed door.
 19823 | Lair:6   | Received a gift from Okawaru
 19976 | Lair:6   | Received a gift from Okawaru
 20293 | Orc:1    | Found a roughly hewn altar of Beogh.
 20312 | Orc:1    | Killed a stone giant
 20458 | Orc:1    | Found a roughly hewn altar of Beogh.
 20461 | Orc:1    | Reached skill level 1 in Invocations
 20695 | Orc:2    | Entered Level 2 of the Orcish Mines
 20727 | Orc:2    | Found a roughly hewn altar of Beogh.
 20845 | Orc:2    | Found a staircase to the Elven Halls.
 20952 | Orc:2    | Noticed an orc warlord
 20957 | Orc:2    | Killed an orc warlord
 21206 | Orc:2    | Found Popev's General Store.
 21207 | Orc:2    | Found Bivorro's Book Boutique.
 21208 | Orc:2    | Found Huwazigesa's Antique Armour Boutique.
 21208 | Orc:2    | Found Luzxuan's Antique Weapon Shop.
 21223 | Orc:2    | Bought a manual of Fighting for 1987 gold pieces
 21565 | Orc:2    | Found Gotef's Antique Armour Shop.
 21571 | Orc:2    | Bought a bronze scale mail for 252 gold pieces
 21581 | Orc:2    | Identified the +2 scale mail of Miracles {rF- rN+ Str-5 Int+9} (You bought it in a shop on level 2 of the Orcish Mines)
 22086 | D:12     | Received a gift from Okawaru
 22239 | D:12     | Learned a level 8 spell: Necromutation
 22743 | D:12     | Reached XP level 15. HP: 118/120 MP: 17/17
 23214 | D:13     | Received a gift from Okawaru
 23223 | D:13     | Got a dazzling cloak {god gift}
 23232 | D:13     | Identified the +1 cloak of Space {rCorr} (Okawaru gifted it to you on level 13 of the Dungeon)
 23428 | D:13     | Noticed Frances
 23432 | D:13     | Killed Frances
 23529 | D:13     | Noticed Nessos
 23537 | D:13     | Killed Nessos
 24163 | D:14     | Noticed Snorg
 24166 | D:14     | Killed Snorg
 24166 | D:14     | Reached skill level 5 in Invocations
 24342 | D:14     | Found a gate to the Vaults.
 24366 | D:14     | Noticed Louise
 24375 | D:14     | Killed Louise
 24645 | D:14     | Noticed Sonja
 24863 | D:14     | Killed Sonja
 24876 | D:14     | Found a shadowy altar of Dithmenos.
 24994 | D:15     | Entered Level 15 of the Dungeon
 25089 | D:15     | Received a gift from Okawaru
 25307 | D:15     | Received a gift from Okawaru
 25320 | D:15     | Reached skill level 5 in Dodging
 25642 | D:15     | Found a staircase to the Depths.
 26013 | D:15     | Reached XP level 16. HP: 133/133 MP: 21/21
 26644 | Snake:1  | Entered Level 1 of the Snake Pit
 26878 | Shoals:1 | Entered Level 1 of the Shoals
 26880 | Shoals:1 | Noticed Kirke
 26889 | Shoals:1 | Killed Kirke
 27199 | Shoals:1 | Received a gift from Okawaru
 27796 | Shoals:1 | Reached skill level 10 in Armour
 28038 | Shoals:1 | Got a black opal-encrusted ring mail {god gift}
 28049 | Shoals:1 | Identified the +1 ring mail of the Present {rN+++ Regen+ Dex-3} (Okawaru gifted it to you on level 1 of the Shoals)
 28943 | Shoals:2 | Reached skill level 15 in Fighting
 29777 | Shoals:3 | Received a gift from Okawaru
 29969 | Shoals:3 | Got a slimy scimitar
 29970 | Shoals:3 | Identified the +8 scimitar of Doom {slice, rC+ Str+2} (You found it on level 3 of the Shoals)
 30038 | Shoals:4 | Entered Level 4 of the Shoals
 30041 | Shoals:4 | Received a gift from Okawaru
 30044 | Shoals:4 | Noticed Ilsuiw
 30073 | Shoals:4 | Received a gift from Okawaru
 30096 | Shoals:4 | Killed Ilsuiw
 30096 | Shoals:4 | Reached XP level 17. HP: 67/144 MP: 24/24
 30142 | Shoals:4 | Received a gift from Okawaru
 30482 | Shoals:4 | Reached skill level 10 in Invocations
 31563 | Shoals:4 | Got a barnacled rune of Zot
 32029 | Shoals:4 | Received a gift from Okawaru
 32481 | Snake:1  | Received a gift from Okawaru
 32484 | Snake:1  | Got a steaming hat {god gift}
 32495 | Snake:1  | Identified the +1 hat of Hangman {rElec Regen+ Slay-3} (Okawaru gifted it to you on level 1 of the Snake Pit)
 32763 | Snake:2  | Gained mutation: You are somewhat resistant to further mutation. [potion of mutation]
 32763 | Snake:2  | Gained mutation: Scrolls take you a little longer to read. [potion of mutation]
 32765 | Snake:2  | Gained mutation: You are robust. (+10% HP) [potion of mutation]
 33268 | Snake:2  | Got a shimmering robe
 33279 | Snake:2  | Identified the +0 robe of Tender Moments {rPois rC+ rN+} (You found it on level 2 of the Snake Pit)
 33718 | Snake:3  | Found a hazy altar of Hepliaklqana.
 33770 | Snake:3  | Reached XP level 18. HP: 168/169 MP: 26/26
 34393 | Snake:4  | Entered Level 4 of the Snake Pit
 34536 | Snake:4  | Noticed Aizul
 34540 | Snake:4  | Killed Aizul
 34579 | Snake:4  | Received a gift from Okawaru
 34836 | Snake:3  | Gained mutation: Your muscles are strong. (Str +2) [potion of mutation]
 35278 | D:11     | Bought a potion of curing for 39 gold pieces
 35278 | D:11     | Bought a potion of curing for 39 gold pieces
 35278 | D:11     | Bought a potion of curing for 39 gold pieces
 35278 | D:11     | Bought a potion of curing for 39 gold pieces
 35278 | D:11     | Bought a potion of agility for 52 gold pieces
 35383 | Vaults:1 | Entered Level 1 of the Vaults
 36649 | Vaults:1 | Received a gift from Okawaru
 36868 | Vaults:1 | Found Roudoyn's Magic Scroll Shoppe.
 36886 | Vaults:1 | Bought a scroll of enchant weapon for 165 gold pieces
 36891 | Vaults:1 | Bought a scroll of teleportation for 66 gold pieces
 36923 | Vaults:1 | Received a gift from Okawaru
 36927 | Vaults:1 | Reached XP level 19. HP: 179/179 MP: 28/28
 37125 | Vaults:1 | Received a gift from Okawaru
 37638 | Vaults:2 | Noticed Bai Suzhen
 37656 | Vaults:2 | Killed Bai Suzhen
 37656 | Vaults:2 | Received a gift from Okawaru
 37949 | Vaults:2 | Noticed Jorgrun
 37953 | Vaults:2 | Killed Jorgrun
 39580 | Vaults:3 | Received a gift from Okawaru
 39721 | Vaults:3 | Found a staircase to the Crypt.
 39727 | Vaults:3 | Gained mutation: Your magical and physical power is enhanced at high health. [demonic ancestry]
 39727 | Vaults:3 | Reached XP level 20. HP: 133/189 MP: 30/30
 40251 | Vaults:3 | Received a gift from Okawaru
 40455 | Vaults:3 | Received a gift from Okawaru
 40682 | Vaults:3 | Got a pair of brightly glowing gloves
 40693 | Vaults:3 | Identified the +0 pair of gloves of Autotheism {rC+ rN+} (You acquired it on level 3 of the Vaults)
 41076 | Vaults:4 | Found Ubougo's Antique Armour Shoppe.
 41108 | Vaults:4 | Bought an ichor-stained scale mail for 261 gold pieces
 41124 | Vaults:4 | Identified the +3 scale mail of Orrytyaff {rCorr} (You bought it in a shop on level 4 of the Vaults)
 41168 | Vaults:4 | Received a gift from Okawaru
 42477 | Snake:4  | Received a gift from Okawaru
 42661 | Snake:4  | Got a fine leather armour
 42672 | Snake:4  | Identified the +3 leather armour of Happiness {*Corrode rPois Int+2} (You found it on level 4 of the Snake Pit)
 42824 | Snake:4  | Received a gift from Okawaru
 42864 | Snake:4  | Got a heavily runed ring mail {god gift}
 42959 | Snake:4  | Gained mutation: Your magical and physical power is greatly enhanced at high health. [demonic ancestry]
 42959 | Snake:4  | Reached XP level 21. HP: 194/195 MP: 32/32
 42961 | Snake:4  | Noticed Vashnia
 42967 | Snake:4  | Killed Vashnia
 42967 | Snake:4  | Reached skill level 15 in Invocations
 43147 | Snake:4  | Learned a level 3 spell: Inner Flame
 43385 | Snake:4  | Got a serpentine rune of Zot
 43481 | Snake:4  | Identified the +4 ring mail of Omugoiv {Dex+4} (Okawaru gifted it to you on level 4 of the Snake Pit)
 43815 | Depths:1 | Entered Level 1 of the Depths
 44131 | Depths:1 | Found a one-way gate to the infinite horrors of the Abyss.
 44157 | Depths:1 | Found Zozy's Book Boutique.
 44160 | Depths:1 | Found Entad's General Store.
 44160 | Depths:1 | Found Gastriruq's Armour Boutique.
 44167 | Depths:1 | Found Jaggudy's Jewellery Shop.
 44178 | Depths:1 | Bought the ring "Qugux" {+Fly rN++ MR+++ AC+2 Dex-4} for 648 gold pieces
 44203 | Depths:1 | Bought a scroll of enchant armour for 150 gold pieces
 44422 | Depths:1 | Received a gift from Okawaru
 44634 | Depths:1 | Found a one-way gate leading to the halls of Pandemonium.
 45188 | Depths:1 | Found a gateway to Hell.
 45366 | Depths:1 | Got an ebony arbalest {god gift}
 45367 | Depths:1 | Identified the +12 arbalest of Kelitowu {freeze, Dex+6} (Okawaru gifted it to you on level 1 of the Depths)
 45536 | Depths:2 | Received a gift from Okawaru
 45554 | Depths:2 | Got a steaming bardiche {god gift}
 45557 | Depths:2 | Identified the +6 bardiche "Erits" {chop, rPois rN+} (Okawaru gifted it to you on level 2 of the Depths)
 45689 | Depths:2 | Found a gateway to a ziggurat.
 46039 | Depths:2 | Found a runed door.
 46190 | Depths:2 | Received a gift from Okawaru
 46195 | Depths:2 | Reached XP level 22. HP: 99/206 MP: 33/33
 46425 | Depths:2 | Got a smoking ring mail
 46436 | Depths:2 | Identified the +5 ring mail of the Maze {rC+ Str+6 Stlth+} (You found it on level 2 of the Depths)
 46587 | Depths:3 | Noticed a golden dragon
 46587 | Depths:3 | Noticed a caustic shrike
 46587 | Depths:3 | Noticed a caustic shrike
 46588 | Depths:3 | Noticed a caustic shrike
 46588 | Depths:3 | Paralysed by a floating eye for 4 turns
 46593 | Depths:3 | Noticed a caustic shrike
 46597 | Depths:3 | Killed a caustic shrike
 46602 | Depths:3 | Killed a caustic shrike
 46605 | Depths:3 | Killed a caustic shrike
 46607 | Depths:3 | Noticed a golden dragon
 46614 | Depths:3 | Paralysed by a floating eye for 2 turns
 46623 | Depths:3 | Killed a caustic shrike
 46623 | Depths:3 | Received a gift from Okawaru
 46627 | Depths:3 | Killed a golden dragon
 46628 | Depths:3 | Killed a golden dragon
 46688 | Depths:3 | Paralysed by a floating eye for 3 turns
 47316 | Crypt:1  | Entered Level 1 of the Crypt
 47520 | Crypt:1  | Received a gift from Okawaru
 47903 | Crypt:1  | Received a gift from Okawaru
 47933 | Crypt:1  | Found a basalt altar of Yredelemnul.
 47948 | Crypt:1  | Received a gift from Okawaru
 48233 | Crypt:1  | Got a fine pewter ring
 48273 | Crypt:1  | Identified the ring "Cosmeo Haporph" {+Fly MR+} (You found it on level 1 of the Crypt)
 48352 | Crypt:1  | Received a gift from Okawaru
 50087 | Crypt:2  | Reached XP level 23. HP: 217/217 MP: 34/34
 50167 | Crypt:3  | Entered Level 3 of the Crypt
 50480 | Crypt:3  | Noticed zkyp's ghost (veteran HuGl)
 50584 | Crypt:3  | HP: 10/217 [zkyp's ghost (21)]
 50607 | Crypt:3  | HP: 2/217 [phantasmal warrior (23)]
 51070 | Crypt:3  | Received a gift from Okawaru
 51314 | Crypt:3  | Killed zkyp's ghost
 51513 | Crypt:3  | Received a gift from Okawaru
 51522 | Crypt:3  | Found a basalt altar of Yredelemnul.
 51797 | Crypt:3  | Identified Sif Muna's Papyrus of Evil Rituals and Earth
 52186 | Crypt:3  | Found a staircase to the Tomb.
 52645 | Crypt:3  | Got a faintly glowing tin ring
 52645 | Crypt:3  | Got a transparent bone ring
 52647 | Crypt:3  | Identified the ring "Jylot Mut" {rN+ Int+2} (You found it on level 3 of the Crypt)
 52649 | Crypt:3  | Identified the ring of the Establishment {+Inv rPois rN+ Str+3 Int+4} (You found it on level 3 of the Crypt)
 52694 | Crypt:3  | Received a gift from Okawaru
 53249 | Elf:1    | Entered Level 1 of the Elven Halls
 53332 | Elf:1    | Found a ruined gateway.
 53338 | Desolati | Entered the Desolation of Salt
 53384 | Desolati | Identified the Catalogue of Air
 53389 | Desolati | Learned a level 2 spell: Blink
 53396 | Desolati | Learned a level 6 spell: Deflect Missiles
 53396 | Desolati | Identified the Almanac of Shifting Creation
 53526 | Desolati | Reached skill level 27 in Crossbows
 53668 | Desolati | Noticed GameOver's ghost (adept NaWz)
 53686 | Desolati | Killed GameOver's ghost
 54169 | Desolati | Identified a +2 rod of shadows (12/12) (You found it on level 1 of the Crypt)
 54173 | Desolati | Got a wavering glass ring
 54175 | Desolati | Identified the ring of Doubts {Ice *Corrode Int+3 Slay+4 Stlth+} (You found it in the Desolation of Salt)
 54191 | Desolati | Identified the Papyrus of Hexes and Aid
 54265 | Desolati | Got a twitching platinum ring
 54267 | Desolati | Identified the ring "Fiqus" {rF- rN+ Int+8 Slay+3} (You found it in the Desolation of Salt)
 54275 | Desolati | Identified the Grimoire of Calling and Aid
 54277 | Desolati | Identified the Grimoire of Conjuration
 54282 | Desolati | Got a coiled bone ring
 54284 | Desolati | Identified the ring "Vaurr" {MR+ AC+1} (You found it in the Desolation of Salt)
 54296 | Desolati | Identified Mulaheog's Guide on the Supportive Volcanoes
 54705 | Elf:1    | Noticed Roxanne
 54778 | Elf:1    | Reached XP level 24. HP: 221/225 MP: 34/34
 55011 | Elf:1    | Received a gift from Okawaru
 55369 | Elf:1    | Killed Roxanne
 55436 | Elf:1    | Got an agate-encrusted plate armour
 55447 | Elf:1    | Identified the +2 plate armour of Fun and Games {rC+} (You found it on level 1 of the Elven Halls)
 55636 | Elf:2    | Found Pikatz's Distillery.
 55657 | Elf:2    | Bought 2 potions of curing for 96 gold pieces
 55657 | Elf:2    | Bought a potion of curing for 48 gold pieces
 55657 | Elf:2    | Bought 3 potions of haste for 480 gold pieces
 55742 | Elf:2    | Found a huge runed gate.
 55742 | Elf:2    | Found a huge runed gate.
 55742 | Elf:2    | Found a huge runed gate.
 55749 | Elf:2    | Found a huge runed gate.
 55750 | Elf:2    | Found a huge runed gate.
 55811 | Elf:2    | Received a gift from Okawaru
 55816 | Elf:2    | Got a fine triple crossbow {god gift}
 55817 | Elf:2    | Identified the +3 triple crossbow of the Crypt {elec, rPois rF+ rN+++ Int-4} (Okawaru gifted it to you on level 2 of the Elven Halls)
 56461 | Elf:3    | Entered Level 3 of the Elven Halls
 56487 | Elf:3    | Found a deep blue altar of Sif Muna.
 56537 | Elf:3    | Noticed Amnesiac's ghost (adept DgEn)
 56549 | Elf:3    | Killed Amnesiac's ghost
 56683 | Elf:3    | Found Paubraor's Armour Shoppe.
 56871 | Elf:3    | Received a gift from Okawaru
 57030 | Elf:3    | Got a brightly glowing lead ring
 57080 | Elf:3    | Identified the Papyrus of Creation and the Mountains
 57114 | Elf:3    | Got a jewelled ring mail
 57125 | Elf:3    | Identified the cursed +0 ring mail of the World {Regen+ Int+5} (You found it on level 3 of the Elven Halls)
 57260 | Elf:3    | Identified The Last Catalogue of the Blind Seer
 57338 | Elf:3    | Identified the ring "Rorchivuw" {*Corrode MR++ Dex+4 Slay+4} (You took it off a deep elf demonologist on level 3 of the Elven Halls)
 57816 | Depths:3 | Paralysed by a floating eye for 3 turns
 58741 | Depths:3 | Reached skill level 15 in Armour
 58772 | Depths:3 | Reached skill level 10 in Dodging
 58800 | Depths:3 | Found Baaqaz's Jewellery Shoppe.
 58801 | Depths:3 | Found Xeam's Gadget Shop.
 58802 | Depths:3 | Found Caxum's Jewellery Shoppe.
 58816 | Depths:3 | Bought the amulet of Xom's Malicious Joy {Dismiss rF+ rN+ Dex+4 SInv} for 1033 gold pieces
 58875 | Depths:3 | Gained mutation: You are surrounded by a strong repulsion field. (EV +4, RMsl) [demonic ancestry]
 58875 | Depths:3 | Reached XP level 25. HP: 238/243 MP: 34/34
 58908 | Depths:3 | Received a gift from Okawaru
 59453 | Depths:4 | Noticed Frederick
 59461 | Depths:4 | Killed Frederick
 60555 | Depths:4 | Noticed Jory
 60562 | Depths:4 | Killed Jory
 60979 | Depths:5 | Entered Level 5 of the Depths
 60996 | Depths:4 | Received a gift from Okawaru
 61116 | Depths:5 | Received a gift from Okawaru
 61138 | Depths:5 | Found a gate to the Realm of Zot.
 61434 | Depths:5 | Gained mutation: You regenerate a lot of health from kills. [demonic ancestry]
 61434 | Depths:5 | Reached XP level 26. HP: 258/258 MP: 34/34
 62367 | Vaults:5 | Entered Level 5 of the Vaults
 62386 | Vaults:5 | Received a gift from Okawaru
 62405 | Vaults:5 | Received a gift from Okawaru
 62411 | Vaults:5 | Received a gift from Okawaru
 62447 | Vaults:5 | Noticed Saint Roka
 62475 | Vaults:5 | Killed Saint Roka
 62494 | Vaults:5 | Received a gift from Okawaru
 62786 | Vaults:5 | Found Oschuejea's Gadget Boutique.
 62850 | Vaults:5 | Reached XP level 27. HP: 270/270 MP: 34/34
 62905 | Vaults:5 | Found Kekel's Magic Scroll Emporium.
 62906 | Vaults:5 | Got a silver rune of Zot
 62914 | Vaults:5 | Bought a scroll of enchant weapon for 142 gold pieces
 63059 | Vaults:5 | Identified the Reference Book on Evil and Protection
 63211 | Vaults:5 | Received a gift from Okawaru
 63550 | Vaults:5 | Found Kuquurgha's Magic Scroll Boutique.
 63608 | Vaults:5 | Found Sogiapad's Magic Scroll Shop.
 63710 | Vaults:5 | Got an ichor-stained triple crossbow {god gift}
 63711 | Vaults:5 | Identified the +5 triple crossbow of the Unspeakable One {freeze, Dex+3} (Okawaru gifted it to you on level 5 of the Vaults)
 63742 | Vaults:5 | Bought a scroll of teleportation for 54 gold pieces
 63742 | Vaults:5 | Bought a scroll of recharging for 171 gold pieces
 63742 | Vaults:5 | Bought a scroll of recharging for 171 gold pieces
 63742 | Vaults:5 | Bought a scroll of recharging for 171 gold pieces
 63753 | Vaults:5 | Bought a scroll of brand weapon for 280 gold pieces
 63753 | Vaults:5 | Bought a scroll of recharging for 133 gold pieces
 63753 | Vaults:5 | Bought a scroll of recharging for 133 gold pieces
 63764 | Vaults:5 | Bought 2 scrolls of recharging for 361 gold pieces
 64020 | Zig:1    | Entered Level 1 of a ziggurat
 64047 | Zig:2    | Entered Level 2 of a ziggurat
 64099 | Zig:3    | Entered Level 3 of a ziggurat
 64167 | Zig:4    | Entered Level 4 of a ziggurat
 64178 | Zig:4    | Reached skill level 27 in Fighting
 64427 | Zig:5    | Entered Level 5 of a ziggurat
 64469 | Zig:5    | Got a slimy demon blade
 64470 | Zig:5    | Identified the +3 demon blade "Rixuhiuj" {elec, rF+ Str+2 Dex-2 Stlth+} (You found it on level 5 of a ziggurat)
 64576 | Zig:6    | Entered Level 6 of a ziggurat
 64583 | Zig:6    | Reached skill level 1 in Fire Magic
 64621 | Zig:6    | Identified the Reference Book on Excruciating Transformation
 64685 | Zig:7    | Entered Level 7 of a ziggurat
 65084 | Zig:7    | Identified a +6 rod of inaccuracy (11/11) (You found it on level 6 of a ziggurat)
 65090 | Zig:7    | Got a bound ivory ring
 65091 | Zig:7    | Identified the ring "Vomuovue" {Ice +Inv Dex+4} (You found it on level 7 of a ziggurat)
 65123 | Zig:8    | Entered Level 8 of a ziggurat
 65152 | Zig:8    | Reached skill level 5 in Fire Magic
 65303 | Zig:8    | Got a pair of brightly glowing gloves
 65314 | Zig:8    | Identified the +0 pair of gloves of Aghailin {rC++ Int-3 Dex+9} (You found it on level 8 of a ziggurat)
 65317 | Zig:9    | Entered Level 9 of a ziggurat
 65329 | Zig:9    | Noticed Osupp the pandemonium lord
 65339 | Zig:9    | Gained mutation: You are dopey. (Int -2) [a cacodemon]
 65341 | Zig:9    | HP: 12/273 [starcursed mass/accursed screaming[a torturous corrupter] (4)]
 65344 | Zig:9    | Mangled by an infernal warmonger

Vault maps used:
D:1:      lightli_arrival_flooded_house
D:2:      st_stairs_14
D:3:      first_bread
D:4:      uniq_robin
D:6:      grunt_temple_overflow_order_and_chaos_2, serial_shops, shop,
          hangedman_decor_opposing, minivault_26, minmay_misc_feat_chi
D:7:      uniq_pikel
D:8:      hangedman_little_slice_of_home, minivault_14, guppyfry_shop_venom
D:9:      marbit_many_paths, ashenzari_altar_1
D:10:     erik_orc_1, nicolae_trove_entry_free_sample, grunt_qazlal_clouds
D:11:     minmay_lair_entry_lava, serial_shops, kennysheep_mini_moat,
          lab_entry_generic, nemelex_xobeh_ov_fountains_minmay
D:12:     grunt_tough_drop
D:13:     uniq_frances, uniq_nessos
D:14:     erik_vaults_2, grunt_dithmenos_smoke, uniq_snorg, uniq_sonja,
          uniq_louise
D:15:     grunt_enter_depths_hoard, minmay_splitting_lines, argonaut_gorgonesque
Temple:   eino_narrow_crystal_temple
Lair:1:   uniq_joseph
Lair:2:   kb_forest_paths, basic_altar
Lair:3:   dragon1_lemuel, minmay_snake_entry_guardpost_small
Lair:4:   minmay_shoals_entry_hut, grunt_megastairs_5
Lair:5:   slime_altar_1, grunt_megastairs_1, serial_bayou_shore_b, uniq_urug
Lair:6:   wormcave, guppyfry_lair_end_dragon, grunt_megastairs_4
Shoals:1: nicolae_shoals_this_corrosion, uniq_kirke
Shoals:2: nicolae_shoals_flooded_hall
Shoals:4: shoals_end_grunt_ice, shoal_ilsuiw
Snake:1:  serial_bayou_shore_b
Snake:3:  basic_altar, basic_stair_grate_trap
Snake:4:  johnstein_snake_rune_scales, uniq_vashnia, uniq_aizul
Orc:1:    basic_altar, kennysheep_orc_chapel
Orc:2:    st_orc_congregation, serial_shops, shop, mines2_david
Elf:1:    eino_elf_arrival_shootout, portal_desolation_entry_ruin,
          hangedman_corner_corridor, uniq_roxanne
Elf:2:    serial_shops, nicolae_shop_waterfront, grunt_ministairs_2
Elf:3:    elf_hall, serial_shops, nicolae_shop_window_shopping, basic_altar
Vaults:1: v_misc_1, dpeg_vaults_monster_box, ontoclasm_vaults_shuriken,
          ontoclasm_vaults_shout, ontoclasm_vaults_fault, vaults_room_grid,
          nicolae_vaults_network_quinsquares, vaults_mumra_hex,
          grunt_vaults_twisty, v_misc_24, vaults_room_grid,
          nicolae_vaults_asterisk, nicolae_vaults_little_squares_4,
          vaults_room_pool, nicolae_vaults_circle_grid_a,
          grunt_vaults_hallway_short, serial_shops, shop_statue
Vaults:2: v_misc_18, hangedman_vaults_restitches, v_misc_24, vaults_dpeg_ring,
          v_misc_28, vaults_mumra_chevron, nicolae_vaults_inception_scallops,
          grunt_vaults_focal, v_misc_2, uniq_bai_suzhen, uniq_jorgrun
Vaults:3: nicolae_vaults_circle_grid_b, v_misc_28, hangedman_vaults_nodes,
          nicolae_vaults_shelves_hall, hangedman_vaults_pinch,
          nicolae_vaults_theta, v_alt_pattern_6, v_rooms_2, v_misc_1,
          minmay_crypt_entry_simple_round, vaults_dpeg_encased_lava
Vaults:4: vaults_mumra_hexcomb, nicolae_vaults_circle_grid_a, v_misc_3,
          v_pattern_2, dpeg_vaults_monster_row, nicolae_vaults_rhombus_7,
          v_misc_8, nicolae_vaults_diagonal_hallway_6, vaults_room_hallway,
          serial_shops, nicolae_shop_competitors_out_of_business
Vaults:5: uniq_saint_roka
Crypt:1:  gammafunk_crypt_yreds_forest, minmay_misc_feat_rows, glass_columns_a,
          grunt_crypt_arrival_split
Crypt:3:  evilmike_haunted_forest
Depths:1: rand_demon_pan_entry_4, abyss_entry, hell_entry, corexii_corridor_pit,
          kennysheep_generic_room_16, minmay_shoptagon
Depths:2: minmay_gate_of_8, enter_ziggurat_a, marbit_kobold_abyss_entry,
          hell_entry, minmay_staircase_windowed_large,
          kennysheep_generic_room_15
Depths:3: grunt_arcs, pan_entry, hell_entry, minmay_misc_feat_doors,
          serial_bayou_shore_a, infiniplex_staircase_spiral_double,
          serial_bayou_shore_b, minmay_shop_grove
Depths:4: due_jory_tower, abyss_entry, grunt_mini_vestibule,
          hangedman_abyss_or_decor_slice, uniq_frederick
Depths:5: grunt_crosshair, hell_entry, corexii_corridor_pit, abyss_entry
Lab:      nicolae_lab_checkerboard, nicolae_lab_blocks, nicolae_lab_quarters,
          nicolae_lab_flowing_pool

Skill      XL: |  1  2  3  4  5  6  7  8  9 10 11 12 13 14 15 16 17 18 19 20 21 22 23 24 25 26 27 |
---------------+----------------------------------------------------------------------------------+-----
Crossbows      | 4 5 6 7 8 10 11 12 13 15 17 18 19 20 21 22 23 24 25 26 27 | 27.0
Armour         | 1 2 3 4 6 7 8 9 10 11 12 13 14 15 16 17 | 17.2
Fighting       | 3 4 6 7 9 10 11 12 14 15 17 18 19 20 21 23 25 26 27 | 27.0
Dodging        | 2 3 4 5 6 7 8 10 11 13 | 13.9
Evocations     | 1 |  1.2
Invocations    | 3 7 9 11 12 13 14 15 | 15.9
Fire Magic     | 5 |  5.7
Stealth        | |  0.8

Action                   |  1- 3 |  4- 6 |  7- 9 | 10-12 | 13-15 | 16-18 | 19-21 | 22-24 | 25-27 || total
-------------------------+-------+-------+-------+-------+-------+-------+-------+-------+-------++-------
Melee: Kick              |       |       |       |       |     4 |       |       |     8 |       ||    12
       Whip              |       |       |       |       |     4 |       |       |       |       ||     4
       Triple crossbow   |       |       |       |       |       |       |     2 |       |       ||     2
       Arbalest          |       |       |       |       |       |       |       |    12 |       ||    12
 Fire: Hand crossbow     |    73 |   137 |   312 |   601 |       |       |       |       |       ||  1123
       Arbalest          |       |       |       |   213 |   955 |  1015 |   126 |  1438 |   915 ||  4662
       Triple crossbow   |       |       |       |       |       |    64 |   878 |       |       ||   942
Invok: Heroism           |       |       |       |     2 |     9 |    15 |    10 |    18 |    10 ||    64
       Finesse           |       |       |       |       |       |       |       |     3 |     3 ||     6
Evoke: Wand              |       |       |       |     4 |       |     5 |       |     4 |       ||    13
       Fan of gales      |       |       |       |       |       |     1 |       |     1 |       ||     2
       Sack of spiders   |       |       |       |       |       |       |       |     1 |       ||     1
       Phantom mirror    |       |       |       |       |       |       |       |     1 |       ||     1
  Use: Scroll            |       |     8 |    10 |    19 |    19 |    14 |     5 |     9 |    11 ||    95
       Potion            |       |       |     2 |     7 |       |    20 |     1 |    22 |     5 ||    57
  Eat: Chunk             |       |     2 |     1 |     1 |       |       |     6 |       |       ||    10
       Bread ration      |       |     1 |       |     3 |     6 |     5 |     3 |     1 |     5 ||    24
       Fruit             |       |     1 |       |     2 |       |       |       |     1 |       ||     4
       Beef jerky        |       |       |     3 |     5 |     2 |       |     1 |     4 |     1 ||    16
       Meat ration       |       |       |     2 |     1 |     1 |     1 |       |     3 |     1 ||     9
       Pizza             |       |       |       |     1 |     1 |       |     2 |     2 |     1 ||     7
       Royal jelly       |       |       |       |       |       |       |     3 |     4 |       ||     7
Armor: Leather armour    |     7 |       |       |       |       |       |       |       |       ||     7
       Ring mail         |       |     7 |    10 |       |       |     9 |       |       |       ||    26
       Scale mail        |       |       |    41 |   116 |    72 |       |       |       |       ||   229
       Ice dragon armour |       |       |       |       |     2 |   117 |    47 |   308 |   240 ||   714
       Plate armour      |       |       |       |       |       |    78 |   122 |       |       ||   200
Dodge: Dodged            |    26 |    19 |    83 |   274 |   232 |   390 |   231 |   634 |   883 ||  2772
       Deflected         |       |       |       |       |       |       |       |       |    50 ||    50
Block: Other             |       |       |     6 |    32 |    20 |    38 |    20 |    66 |       ||   182
       Reflection        |       |       |       |     1 |     3 |     5 |     8 |     5 |       ||    22
